 Dungeon Crawl Stone Soup version 0.28.0-47-ge53b351184 (webtiles) character file.

Game seed: 15644384873273463350

591220 Kenran the Wrestler (level 27, 0/159 HPs)
             Began as a Vine Stalker Monk on Apr 29, 2022.
             Was the Champion of Makhleb.
             Slain by a white draconian
             ... wielding a +0 long sword
              (7 damage)
             ... on level 3 of the Realm of Zot on Apr 30, 2022.
             The game lasted 03:27:36 (55231 turns).

Kenran the Wrestler (Vine Stalker Monk)            Turns: 55231, Time: 03:27:36

Health: 0/159      AC: 34    Str: 24    XL:     27
Magic:  0/35       EV: 11    Int: 10    God:    Makhleb [******]
Gold:   6640       SH: 16    Dex: 21    Spells: 26/26 levels left

rFire   + . .      SeeInvis .     - Unarmed
rCold   . . .      Faith    .   C - +1 kite shield {AC+3}
rNeg    + . .      Spirit   +   B - +4 plate armour {rF+}
rPois   .          Reflect  .   s - +2 hood of the Assassin {Detection Stab+ Stlth++}
rElec   .          Harm     .   W - +2 cloak {Will+}
rCorr   .          Rampage  .   T - +1 pair of gloves {infuse}
Will    ++++.                   g - +1 pair of boots {Fly}
Stlth   +++.......              d - amulet of regeneration
HPRegen 1.96/turn               y - ring of positive energy
MPRegen 0.24/turn               G - +4 ring of slaying

@: flying, slowed, constricted, invisible, very slow
A: fangs 3, regeneration 1, magic shield, antimagic bite, no potion heal 2
}: 3/15 runes: decaying, abyssal, gossamer
a: Renounce Religion, Minor Destruction, Lesser Servant of Makhleb, Major
Destruction, Greater Servant of Makhleb


You were on level 3 of the Realm of Zot.
You worshipped Makhleb.
Makhleb was exalted by your worship.
You visited 10 branches of the dungeon, and saw 48 of its levels.
You visited the Abyss 1 time.
You also visited: Ice Cave and Wizlab.

You collected 7734 gold pieces.
You spent 1094 gold pieces at shops.

Inventory:

Missiles
 t - 48 poisoned darts
 u - 3 throwing nets (quivered)
Armour
 g - a +1 pair of boots of flying (worn)
 s - the +2 hood of the Assassin (worn) {Detection Stab+ Stlth++}
   (You found it on level 4 of the Spider Nest)

   It allows the wearer to sense nearby creatures.
   It allows the wearer to make particularly effective stabbing attacks against
   helpless or unaware enemies with any weapon.
   Stlth:     It makes you much more stealthy.
 B - a +4 plate armour of fire resistance (worn)
 C - a +1 kite shield of protection (worn)
 T - a +1 pair of gloves of infusion (worn)
 W - a +2 cloak of willpower (worn)
Jewellery
 d - an amulet of regeneration (around neck)
 e - a ring of ice
 o - a ring of resist corrosion
 p - a ring of poison resistance
 y - a ring of positive energy (left hand)
 G - a +4 ring of slaying (right hand)
Wands
 i - a wand of charming (12)
 j - a wand of digging (24)
 A - a wand of polymorph (20)
 O - a wand of acid (9)
 P - a wand of iceblast (25)
 Q - a wand of flame (68)
 S - a wand of paralysis (27)
 V - a wand of mindburst (1)
Scrolls
 c - 2 scrolls of fear
 h - 5 scrolls of blinking
 k - 6 scrolls of amnesia
 l - 10 scrolls of teleportation
 r - 9 scrolls of fog
 w - 8 scrolls of enchant weapon
 z - 4 scrolls of summoning
 D - 2 scrolls of silence
 E - 12 scrolls of magic mapping
 I - 3 scrolls of brand weapon
 K - 4 scrolls of holy word
 M - 6 scrolls of immolation
Potions
 a - 6 potions of magic
 f - 5 potions of attraction
 q - 11 potions of curing
 v - 6 potions of haste
 x - 9 potions of brilliance
 F - 3 potions of might
 H - 2 potions of resistance
 J - 2 potions of berserk rage
 L - 6 potions of cancellation
 N - 4 potions of ambrosia
Miscellaneous
 b - a tin of tremorstones (2/2)
 m - a box of beasts
 R - a condenser vane (inert)
 Y - a phantom mirror
 Z - a phial of floods


   Skills:
 - Level 21.0 Fighting
 - Level 15.1 Armour
 - Level 12.0 Dodging
 - Level 11.2 Stealth
 - Level 15.0 Shields
 + Level 23.4 Unarmed Combat
 - Level 15.0 Invocations
 - Level 13.0 Evocations


You had 26 spell levels left.
You didn't know any spells.
Your spell library contained the following spells:

 Spells                   Type           Power      Damage    Failure   Level
 Animate Skeleton         Necr           0%         N/A       99%         1
 Apportation              Tloc           0%         N/A       99%         1
 Magic Dart               Conj           0%         1d3       99%         1
 Pain                     Necr           0%         1d4       99%         1
 Shock                    Conj/Air       0%         1d3       99%         1
 Slow                     Hex            0%         N/A       99%         1
 Summon Small Mammal      Summ           0%         N/A       99%         1
 Ensorcelled Hibernation  Hex/Ice        0%         N/A       100%        2
 Poisonous Vapours        Pois/Air       0%         N/A       100%        2
 Scorch                   Fire           0%         2d5       100%        2
 Searing Ray              Conj           0%         2d4       100%        2
 Static Discharge         Conj/Air       0%         N/A       100%        2
 Call Canine Familiar     Summ           0%         N/A       100%        3
 Confusing Touch          Hex            0%         N/A       100%        3
 Conjure Flame            Conj/Fire      0%         6-21      100%        3
 Dazzling Flash           Conj/Hex       0%         N/A       100%        3
 Gell's Gravitas          Tloc           0%         N/A       100%        3
 Ignite Poison            Fire/Tmut/Pois 0%         N/A       100%        3
 Lesser Beckoning         Tloc           0%         N/A       100%        3
 Mephitic Cloud           Conj/Pois/Air  0%         N/A       100%        3
 Ozocubu's Armour         Ice            0%         N/A       100%        3
 Spider Form              Tmut/Pois      0%         N/A       100%        3
 Swiftness                Air            0%         N/A       100%        3
 Teleport Other           Tloc           0%         N/A       100%        3
 Vampiric Draining        Necr           0%         2d6       100%        3
 Airstrike                Air            0%         N/A       100%        4
 Anguish                  Hex/Necr       0%         N/A       100%        4
 Animate Armour           Summ/Erth      0%         N/A       100%        4
 Animate Dead             Necr           0%         N/A       100%        4
 Dispel Undead            Necr           0%         3d6       100%        4
 Flame Wave               Conj/Fire      0%         2d4       100%        4
 Fulminant Prism          Conj/Hex       0%         3d6       100%        4
 Iskenderun's Mystic Bla  Conj/Tloc      0%         2d3       100%        4
 Sticky Flame             Conj/Fire      0%         2d3       100%        4
 Summon Ice Beast         Ice/Summ       0%         N/A       100%        4
 Summon Lightning Spire   Summ/Air       0%         N/A       100%        4
 Agony                    Necr           0%         N/A       100%        5
 Blade Hands              Tmut           0%         N/A       100%        5
 Excruciating Wounds      Necr           0%         N/A       100%        5
 Freezing Cloud           Conj/Ice/Air   0%         6-21      100%        5
 Lightning Bolt           Conj/Air       0%         1d11      100%        5
 Silence                  Hex/Air        0%         N/A       100%        5
 Summon Forest            Summ/Tloc      0%         N/A       100%        5
 Summon Mana Viper        Hex/Summ       0%         N/A       100%        5
 Conjure Ball Lightning   Conj/Air       0%         3x3d6     100%        6
 Dispersal                Tloc           0%         N/A       100%        6
 Eringya's Noxious Bog    Tmut/Pois      0%         N/A       100%        6
 Iron Shot                Conj/Erth      0%         9d1       100%        6
 Simulacrum               Ice/Necr       0%         N/A       100%        6
 Starburst                Conj/Fire      0%         6d3       100%        6
 Summon Cactus Giant      Summ           0%         N/A       100%        6
 Monstrous Menagerie      Summ           0%         N/A       100%        7
 Orb of Destruction       Conj           0%         9d5       100%        7
 Ozocubu's Refrigeration  Ice            0%         4d5       100%        7
 Storm Form               Tmut/Air       0%         N/A       100%        7
 Summon Hydra             Summ           0%         N/A       100%        7
 Borgnjor's Revivificati  Necr           0%         N/A       100%        8
 Maxwell's Capacitive Co  Air            0%         ∞         100%        8
 Necromutation            Tmut/Necr      0%         N/A       100%        8
 Polar Vortex             Ice            0%         N/A       100%        9


Dungeon Overview and Level Annotations

Branches:
Dungeon (15/15)            Temple (0/1) D:7            Lair (6/6) D:10
  Swamp (4/4) Lair:3       Spider (4/4) Lair:3        Slime (0/5) Lair:5
    Orc (2/2) D:9             Elf (3/3) Orc:2        Vaults (4/5) D:13
  Crypt (3/3) Vaults:3       Tomb (0/3) Crypt:3      Depths (4/4) D:15
    Zot (3/5) Depths:4      IceCv (visited)          WizLab (visited)

Altars:
Ashenzari
Kikubaaqudgha
Makhleb
Trog
Vehumet
Yredelemnul
Beogh
Jiyva

Shops:
D:3 [   D:4 *!(?(   D:10 (?   D:11 (   Orc:1 !   Orc:2 (*(!   Elf:2 [
Elf:3 [:=!   Vaults:2 [   Vaults:4 [   Zot:1 *

Portals:
Hell: Lair:6 Depths:1 Depths:2 Depths:3 Depths:4
Abyss: Depths:3
Pandemonium: Depths:2
Ziggurat: Depths:3
Trove: D:12 (give 2 scrolls of acquirement)

Annotations:
D:7 exclusion: 2 downstairs
D:15 1 runed translucent door
Spider:2 exclusion: downstairs
Spider:3 exclusion: downstairs
Spider:4 Roxanne
Depths:4 2 transporters, exclusion: upstairs, Cofont's ghost, adept DsGl


Innate Abilities, Weirdness & Mutations

You have razor-sharp teeth.
Your natural rate of healing is unusually fast.
When hurt, damage is shared between your health and your magic reserves.
Your bite disrupts and absorbs the magic of your enemies.
Potions cannot restore your health.


Message History

The frost giant is engulfed in poison gas.
The frost giant is poisoned.
The tentacled monstrosity tentacle-slaps you but does no damage.
You block the tentacled monstrosity's attack. x2
The tentacled monstrosity constricts you.
You block the storm dragon's attack. The storm dragon misses you.
The storm dragon tramples you but does no damage.
The yellow draconian is engulfed in blazing flames.
The white draconian is engulfed in blazing flames.
The storm dragon is engulfed in blazing flames.
The frost giant is engulfed in poison gas.
The frost giant looks even sicker.
The tentacled monstrosity tentacle-slaps you but does no damage. x2
The tentacled monstrosity tentacle-slaps you.
* * * LOW HITPOINT WARNING * * *
The tentacled monstrosity constricts you.
As you read the scroll of holy word, it crumbles to dust.
You speak a Word of immense power!
The tentacled monstrosity convulses!
The death cob convulses!
The curse toe convulses!
You feel very sick.
The death cob is lost in a daze.
The yellow draconian is engulfed in blazing flames.
You block the storm dragon's attack. x3
The storm dragon is engulfed in blazing flames.
The white draconian hits you from afar with a +0 trident.
* * * LOW HITPOINT WARNING * * *
The yellow draconian is engulfed in blazing flames.
The storm dragon barely misses you. You block the storm dragon's attack.
The storm dragon tramples you but does no damage.
The yellow draconian closely misses you.
The tentacled monstrosity tentacle-slaps you but does no damage. x3
The tentacled monstrosity constricts you!
* * * LOW HITPOINT WARNING * * *
Something touches you but does no damage.
The storm dragon is poisoned.
You block the white draconian's attack.
The curse toe is lost in a daze.
Your system rejects the healing.
You feel better.
The yellow draconian is engulfed in blazing flames.
The white draconian hits you with a +0 long sword!
You die...

,** **#.......##..(.........#
,,****,......qD.D............####
,,,,,,,,**#.....dd.D.............
,,,,,,*** ##§q§){dC##CD..........
,,,,*** ##§.{####{C§..q.).....
,,,** #§§d####{{.Dd.....##.. ,,**
#{dD{§§d{{Dd^.†...#*.# ,,*
#..zdDdd{{C.C..####*,, ,**
*#§qzX@{C{..##y.# *,, ,*
*#§§#####§{{##..##*****, ,* #.☼#*
##.##..##*{*{*** ** *#.#*
#.##.#**,,*,,** ** #..*
###..**,,,,,,,* ,** *#.**
**...****+*+*** ,,* *,,*
***..#,**,,,,,,,* ,,**
**,,*******,,,,,,,**,,*,,**
,,,****,,,,,,,,*,,****,,,**,*,**,


You could see a tentacled monstrosity (dazed), a green draconian monk (fleeing,
poisoned), 2 storm dragons, 2 draconians, 2 draconians, 2 draconians, a curse
toe (dazed), a purple draconian shifter, a death cob (dazed) and an ettin.

Vanquished Creatures
  A dread lich (Crypt:3)
  An orb of fire (Zot:1)
  A juggernaut (Depths:3)
  Frederick (Vaults:2)
  Bai Suzhen (Spider:4)
  A curse toe (Zot:3)
  4 golden dragons
  6 caustic shrikes (Depths:3)
  Arachne (Spider:4)
  3 bone dragons
  A shard shrike zombie (Crypt:1)
  A shard shrike skeleton (Crypt:3)
  6 liches
  A titan (Vaults:1)
  8 tentacled monstrosities
  The ghost of CryoSword the Conqueror, an adept OgBe of Trog (D:14)
  Jorgrun (Swamp:1)
  2 deep elf blademasters
  A walking earthen tome (WizLab)
  A deep elf master archer (Elf:3)
  2 walking frostbound tomes (WizLab)
  2 walking divine tomes (Depths:3)
  An Executioner (Abyss:3)
  5 sphinxes
  2 ancient champions
  Frances (Swamp:2)
  5 death cobs
  4 tentacled starspawn (Abyss:3)
  5 storm dragons
  2 tengu reavers (Vaults:1)
  3 revenants
  5 draconian monks
  A fenstrider witch (Swamp:3)
  4 shadow dragons
  10 fire giants
  A strange machine (WizLab)
  2 draconian knights (Zot:2)
  5 frost giants
  12 vault wardens
  12 emperor scorpions
  7 deep elf sorcerers
  2 draconian scorchers
  4 ghost moths
  3 draconian shifters
  Aizul (Vaults:4)
  A caustic shrike zombie (Crypt:2)
  2 curse skulls
  10 ghouls
  5 deep elf elementalists (Elf:3)
  An orc warlord (Vaults:1)
  12 ironbound preservers
  4 draconian stormcallers
  3 war gargoyles
  17 very ugly things
  10 ironbound thunderhulks
  2 broodmothers (Spider:4)
  A spriggan defender (Depths:3)
  4 draconian annihilators
  3 stone giants
  8 deep elf demonologists (Elf:3)
  16 starcursed masses (Abyss:3)
  5 eleionomae
  6 vampire knights
  5 green draconians
  7 reapers
  7 black draconians
  Azrael (Elf:2)
  11 white draconians
  2 lorocyprocas
  10 deep elf annihilators
  4 bunyips
  8 dire elephants
  9 spark wasps
  6 purple draconians
  8 red draconians
  14 eidola
  6 yellow draconians
  A crystal guardian (Vaults:3)
  8 fire dragons
  2 green deaths (Swamp:4)
  6 deep elf high priests (Elf:3)
  8 deep elf death magi
  A mummy priest (Crypt:3)
  5 ettins
  6 great orbs of eyes
  A fire dragon (shapeshifter) (Vaults:1)
  2 quicksilver dragon skeletons
  3 spriggan zombies (Crypt:3)
  14 rakshasas
  13 vault guards
  Fannar (Lair:2)
  A shambling mangrove (Swamp:1)
  10 yaktaur captains
  6 ice dragons
  9 ironbound frosthearts
  15 hydras
  2 peacekeepers (Vaults:3)
  2 radroaches
  3 boulder beetles
  11 centaur warriors
  A hell beast (Lair:6)
  2 jorogumos
  2 ogre magi (Orc:2)
  2 catoblepae
  5 spriggan air magi
  2 spriggan skeletons
  12 two-headed ogres
  4 death knights
  6 tengu warriors
  22 death yaks
  3 thrashing horrors (Abyss:3)
  5 deep troll shamans
  3 deep troll earth magi
  An orc high priest (Orc:1)
  43 dancing weapons
  4 alligators
  2 vampire magi
  5 hell knights (Depths:2)
  4 spriggan berserkers
  4 wretched stars (Abyss:3)
  5 soul eaters
  A sun demon (Depths:3)
  23 skeletal warriors
  A sixfirhy (Depths:2)
  A spatial maelstrom (Abyss:3)
  7 iron trolls
  A shadow wraith (Crypt:1)
  2 pharaoh ants
  30 deep elf knights
  3 goliath frogs (Swamp:1)
  A salamander mystic (Depths:3)
  A spark wasp zombie (Depths:3)
  A steelbarb worm (Spider:4)
  2 sun moths (Spider:4)
  5 orb spiders
  A golden dragon zombie (Depths:3)
  A death drake (shapeshifter) (D:15)
  5 spriggan druids
  55 deep trolls
  14 bog bodies
  17 phantasmal warriors
  2 bunyip skeletons (Crypt:3)
  2 flayed ghosts
  17 ironbound convokers
  5 glowing orange brains
  7 deep elf archers
  5 orc knights
  5 swamp dragons
  32 ugly things
  4 harpies
  39 deep elf pyromancers
  37 deep elf zephyrmancers
  12 lindwurms
  6 wizards
  15 necromancers
  Pikel (D:5)
  An iron dragon zombie (Crypt:3)
  18 wolf spiders
  An orc sorcerer (Orc:2)
  7 cyclopes
  4 will-o-the-wisps
  A stone giant skeleton (Crypt:3)
  3 manticores
  3 salamanders
  2 worldbinders (Abyss:3)
  A rust devil (Abyss:3)
  13 vault sentinels
  5 black mambas
  An ice statue (IceCv)
  A molten gargoyle (Lair:2)
  An apocalypse crab (Abyss:3)
  A dire elephant zombie (Crypt:3)
  4 smoke demons (Abyss:3)
  14 moths of wrath
  22 cane toads
  23 elephants
  A gargoyle (D:14)
  8 torpor snails
  An alligator snapping turtle zombie (Crypt:3)
  2 dire elephant skeletons (Crypt:3)
  3 naga skeletons (Crypt:3)
  3 unseen horrors
  5 orange demons
  8 rime drakes
  An unseen horror (shapeshifter) (Spider:2)
  55 yaktaurs
  2 kobold demonologists
  13 demonic crawlers
  8 komodo dragons
  5 ice devils
  9 freezing wraiths
  A guardian mummy (Crypt:3)
  2 efreet (Abyss:3)
  A red draconian zombie (Crypt:1)
  14 hellwings
  A red devil (Abyss:3)
  An alligator snapping turtle skeleton (Crypt:3)
  A minotaur skeleton (Crypt:3)
  4 tengu conjurers
  The ghost of zorge82 the Skirmisher, an amateur HOFi (D:6)
  2 ancient zymes (Abyss:3)
  18 meliai
  2 meliai (shapeshifter)
  6 tyrant leeches
  8 polar bears
  Prince Ribbit (D:9)
  16 tarantellas
  15 blink frogs
  3 harpy zombies
  9 trolls
  11 hornets
  10 raiju (Abyss:3)
  2 harpy skeletons
  An iron dragon simulacrum (Abyss:3)
  12 large abominations
  An ettin zombie (Crypt:3)
  47 slime creatures
  A black mamba zombie (Crypt:3)
  20 jumping spiders
  5 shadows
  An air elemental (Elf:3)
  An ettin skeleton (Crypt:3)
  6 ynoxinuls
  8 small abominations (Abyss:3)
  3 wyverns
  An ushabti (Crypt:3)
  14 wraiths
  21 culicivoras
  2 vampires
  A black mamba skeleton (Crypt:1)
  6 water elementals
  7 basilisks
  10 spriggans
  78 yaks
  3 fire bats (Lair:2)
  3 fire elementals
  A chaos spawn (Abyss:3)
  9 humans (D:13)
  40 redbacks
  3 wargs
  2 steam dragons (D:7)
  12 swamp worms
  A neqoxec (Abyss:3)
  A harpy simulacrum (Crypt:2)
  2 naga zombies (Crypt:3)
  8 vampire mosquitoes
  A naga (D:7)
  2 acid dragons
  5 hell hounds
  17 water moccasins
  A demonspawn skeleton (Crypt:1)
  A deep troll skeleton (Crypt:1)
  A two-headed ogre skeleton (Crypt:1)
  Duvessa (D:4)
  A merfolk skeleton (Crypt:2)
  3 floating eyes (Depths:3)
  2 swamp drakes (Swamp:1)
  A cane toad skeleton (Crypt:2)
  19 orc warriors
  An ice beast (D:7)
  A black bear (shapeshifter) (Depths:3)
  7 necrophages
  22 ogres
  3 black bears
  A hog zombie (Crypt:1)
  5 centaurs
  A snapping turtle skeleton (Crypt:2)
  24 wolves
  2 lemures (D:5)
  4 kobold brigands
  8 bullfrogs
  2 scorpions
  2 gnoll sergeants
  An elf skeleton (Crypt:1)
  A wyvern zombie (D:7)
  9 wyvern skeletons (Crypt:3)
  6 killer bees (D:9)
  A water moccasin skeleton (D:6)
  Dowan (D:4)
  3 wights (D:10)
  A polar bear skeleton (Crypt:2)
  4 electric eels
  4 howler monkeys
  3 centaur zombies
  A bullfrog zombie (D:6)
  4 quasits (Abyss:3)
  5 hounds
  4 centaur skeletons
  14 orc priests
  An iron imp (Abyss:3)
  Crazy Yiuf (D:4)
  Jessica (D:3)
  2 gnoll shamans
  2 iguanas
  19 orc wizards
  11 hell rats
  Natasha (thrice) (D:3)
  An acid dragon zombie (Crypt:2)
  2 hound zombies (D:5)
  A mummy (Crypt:3)
  A howler monkey zombie (D:9)
  Robin (D:2)
  36 gnolls
  5 adders
  10 river rats
  A shadow imp (D:4)
  A white imp (D:7)
  An adder zombie (Crypt:2)
  An iguana skeleton (Crypt:1)
  A worm (D:4)
  A dart slug (D:2)
  110 orcs
  8 ball pythons
  7 bats
  7 endoplasms
  3 giant cockroaches
  16 goblins
  4 hobgoblins
  14 jackals
  3 quokkas
  3 frilled lizards (D:1)
  A frilled lizard skeleton (Crypt:2)
  25 kobolds
  12 rats
  5 briar patches (Lair:3)
  4 starspawn tentacles (Abyss:3)
2215 creatures vanquished.

Vanquished Creatures (collateral kills)
  A dread lich (Crypt:3)
  Nikola (Elf:2)
  Asterion (Elf:3)
  A thorn hunter (Swamp:3)
  A fire giant (Depths:3)
  A slime creature (Swamp:4)
  A dire elephant (Vaults:1)
  2 hydras
  2 boulder beetles
  An alligator (Swamp:1)
  A two-headed ogre (D:10)
  3 dancing weapons (Elf:2)
  A goliath frog (Swamp:2)
  An ironbound convoker (Vaults:1)
  A deep elf pyromancer (Elf:2)
  A deep elf zephyrmancer (Elf:2)
  A cane toad (Lair:3)
  An ice devil (Lair:6)
  A demonic crawler (Spider:4)
  A tengu simulacrum (Depths:3)
  A jumping spider (Spider:4)
  2 yaks
  A swamp worm (Swamp:2)
  3 water moccasins (Lair:2)
  4 hell hounds
  A necrophage (Swamp:3)
  5 wolves
  3 bullfrogs
44 creatures vanquished.

Vanquished Creatures (others)
  A fire dragon (Depths:3)
  2 deep elf knights
  2 deep elf archers
  A deep elf zephyrmancer (Elf:1)
  A redback (Spider:4)
  16 foxfires
  30 fungi
  30 plants
  7 starspawn tentacles (Abyss:3)
  4 withered plants (Crypt:3)
94 creatures vanquished.

Grand Total: 2353 creatures vanquished

Notes
Turn   | Place    | Note
-------+----------+-------------------------------------------
     0 | D:1      | Kenran the Vine Stalker Monk began the quest for the Orb.
     0 | D:1      | Reached XP level 1. HP: 11/11 MP: 2/2
   465 | D:1      | Reached XP level 2. HP: 16/16 MP: 3/3
   886 | D:1      | Reached XP level 3. HP: 20/20 MP: 4/4
   956 | D:1      | Reached skill level 4 in Unarmed Combat
  1606 | D:2      | Noticed Robin
  1704 | D:2      | Killed Robin
  1705 | D:2      | Gained mutation: Your natural rate of healing is unusually
                  | fast. [Vine Stalker growth]
  1705 | D:2      | Reached XP level 4. HP: 19/24 MP: 5/5
  2125 | D:3      | Noticed Jessica
  2130 | D:3      | Killed Jessica
  2131 | D:3      | Reached skill level 5 in Unarmed Combat
  2234 | D:3      | Reached XP level 5. HP: 28/28 MP: 6/6
  2283 | D:3      | Reached skill level 1 in Armour
  2660 | D:3      | Reached skill level 6 in Unarmed Combat
  2660 | D:3      | Reached XP level 6. HP: 26/32 MP: 5/7
  2767 | D:3      | Found Fodd's Antique Armour Shoppe.
  2782 | D:3      | Noticed Natasha
  2791 | D:3      | Killed Natasha
  2972 | D:3      | Found a large runed translucent door.
  2973 | D:3      | Found a large runed translucent door.
  3034 | D:3      | Noticed Natasha
  3040 | D:3      | Killed Natasha
  3133 | D:3      | Reached XP level 7. HP: 26/37 MP: 4/8
  3236 | D:3      | Reached skill level 7 in Unarmed Combat
  3257 | D:3      | Noticed Natasha
  3269 | D:3      | Killed Natasha
  3551 | D:3      | Found an ancient bone altar of Kikubaaqudgha.
  3561 | D:3      | Found a burning altar of Makhleb.
  3587 | D:3      | Became a worshipper of Makhleb the Destroyer
  3587 | D:3      | Reached * piety under Makhleb
  3587 | D:3      | Reached ** piety under Makhleb
  3624 | D:4      | Noticed Dowan
  3647 | D:4      | Killed Dowan
  3652 | D:4      | Found Nudeolur's Magic Scroll Shop.
  3652 | D:4      | Noticed Duvessa
  3776 | D:4      | Killed Duvessa
  3777 | D:4      | Reached skill level 8 in Unarmed Combat
  3777 | D:4      | Reached skill level 1 in Invocations
  3834 | D:4      | Bought a scroll of teleportation for 39 gold pieces
  3930 | D:4      | Found Coek's Antique Weapon Boutique.
  3955 | D:4      | Gained mutation: You have razor-sharp teeth. [Vine Stalker
                  | growth]
  3955 | D:4      | Reached XP level 8. HP: 41/42 MP: 10/10
  4298 | D:4      | Found Entala's Antique Weapon Boutique.
  4505 | D:4      | Found Gitsoqua's General Store.
  4551 | D:4      | Found Bosuqe's Distillery.
  4878 | D:4      | Found a runed translucent door.
  4879 | D:4      | Noticed Crazy Yiuf
  4887 | D:4      | Killed Crazy Yiuf
  4888 | D:4      | Reached skill level 5 in Fighting
  4973 | D:5      | Entered Level 5 of the Dungeon
  5009 | D:5      | Reached *** piety under Makhleb
  5568 | D:6      | Noticed Pikel
  5664 | D:5      | Reached skill level 9 in Unarmed Combat
  5692 | D:5      | Killed Pikel
  5693 | D:5      | Reached XP level 9. HP: 48/48 MP: 13/13
  5726 | D:6      | Found a runed translucent gate.
  5726 | D:6      | Found a runed translucent gate.
  5726 | D:6      | Found a runed translucent gate.
  5854 | D:6      | Noticed zorge82's ghost (amateur HOFi)
  5859 | D:6      | Noticed a boulder beetle
  6263 | D:3      | Bought a glowing kite shield for 142 gold pieces
  6263 | D:3      | Bought a pair of boots for 85 gold pieces
  6341 | D:7      | Found a staircase to the Ecumenical Temple.
  6477 | D:7      | Reached skill level 10 in Unarmed Combat
  6753 | D:7      | Noticed Maggie
  6757 | D:7      | Noticed Maggie
  6757 | D:7      | Maggie changed into Maggie the naga
  6768 | D:7      | Killed Maggie the naga
  7014 | D:8      | Reached XP level 10. HP: 26/56 MP: 14/14
  7115 | D:8      | Reached **** piety under Makhleb
  7395 | D:8      | Noticed a two-headed ogre
  7431 | D:8      | Noticed a boulder beetle
  7542 | D:9      | Reached skill level 1 in Shields
  7542 | D:9      | Reached skill level 11 in Unarmed Combat
  7913 | D:9      | Found a staircase to the Orcish Mines.
  7943 | D:9      | Noticed Prince Ribbit
  7947 | D:9      | Reached ***** piety under Makhleb
  7971 | D:9      | Killed Prince Ribbit
  8225 | D:10     | Entered Level 10 of the Dungeon
  8267 | D:10     | Killed an unseen horror
  8268 | D:10     | Reached skill level 5 in Shields
  8268 | D:10     | Reached skill level 5 in Invocations
  8294 | D:10     | Reached XP level 11. HP: 60/60 MP: 15/15
  8382 | D:10     | Noticed a centaur warrior
  8395 | D:10     | Killed a centaur warrior
  8396 | D:10     | Reached skill level 12 in Unarmed Combat
  8405 | D:10     | Found Siatisen's Magic Scroll Boutique.
  8474 | D:10     | Noticed a two-headed ogre
  8483 | D:10     | Killed a two-headed ogre
  8680 | D:10     | Found a staircase to the Lair.
  8834 | D:10     | Found Noluxon's Antique Weapon Shoppe.
  8875 | Lair:1   | Entered Level 1 of the Lair of Beasts
  9056 | Lair:1   | Reached skill level 10 in Fighting
  9221 | Lair:1   | Reached skill level 1 in Evocations
  9449 | Lair:1   | Reached skill level 5 in Armour
  9565 | Lair:1   | Found an ancient bone altar of Kikubaaqudgha.
  9738 | Lair:2   | Reached XP level 12. HP: 47/67 MP: 16/16
 10005 | Lair:2   | Reached skill level 13 in Unarmed Combat
 10045 | Lair:2   | Noticed Fannar
 10074 | Lair:2   | Killed Fannar
 10760 | Lair:3   | Reached skill level 14 in Unarmed Combat
 10865 | Lair:3   | Found a transporter.
 11032 | Lair:3   | Reached XP level 13. HP: 63/72 MP: 14/17
 11052 | Lair:3   | Found a staircase to the Swamp.
 11079 | Lair:3   | Found a hole to the Spider Nest.
 11238 | Lair:3   | Found a transporter.
 12430 | Lair:5   | Found a viscous altar of Jiyva.
 12430 | Lair:5   | Found a staircase to the Slime Pits.
 12438 | Lair:5   | Reached ****** piety under Makhleb
 12524 | Lair:5   | Reached XP level 14. HP: 79/79 MP: 20/20
 12683 | Lair:4   | Reached skill level 15 in Unarmed Combat
 13403 | Lair:6   | Entered Level 6 of the Lair of Beasts
 13490 | Lair:6   | Found a frozen archway.
 13507 | IceCv    | Entered an ice cave
 13763 | IceCv    | Noticed a frost giant
 13781 | IceCv    | Killed a frost giant
 13946 | IceCv    | Reached skill level 5 in Evocations
 14157 | Lair:6   | Reached skill level 16 in Unarmed Combat
 14215 | Lair:6   | Reached XP level 15. HP: 83/83 MP: 22/22
 14700 | Lair:6   | Identified the +11 mace "Foxzeuxug" {vamp, rElec}
 14745 | Lair:6   | Found a burning altar of Makhleb.
 14802 | Lair:6   | Found a gateway to Hell.
 15338 | Orc:1    | Entered Level 1 of the Orcish Mines
 16081 | Orc:1    | Found Yssevu's Distillery.
 16090 | Orc:1    | Bought a potion of curing for 45 gold pieces
 16090 | Orc:1    | Bought 2 potions of resistance for 300 gold pieces
 16090 | Orc:1    | Bought a potion of curing for 45 gold pieces
 16090 | Orc:1    | Bought a potion of might for 60 gold pieces
 16274 | Orc:2    | Entered Level 2 of the Orcish Mines
 16630 | Orc:2    | Reached skill level 10 in Shields
 16713 | Orc:2    | Reached skill level 10 in Armour
 17020 | Orc:2    | Found a staircase to the Elven Halls.
 17086 | Orc:2    | Found Ysetik's Weapon Boutique.
 17089 | Orc:2    | Found Resche's Weapon Emporium.
 17105 | Orc:2    | Found Xuluatu's Distillery.
 17112 | Orc:2    | Found Ceofeuqi's Assorted Antiques.
 17142 | Orc:2    | Bought a scroll of identify for 58 gold pieces
 17507 | D:11     | Found Jeaqown's Antique Weapon Shoppe.
 17613 | D:11     | Reached XP level 16. HP: 91/91 MP: 23/23
 18241 | D:12     | Found a portal to a secret trove of treasure.
 18933 | D:13     | Reached skill level 10 in Invocations
 19014 | D:13     | Reached skill level 17 in Unarmed Combat
 19063 | D:13     | Found a gate to the Vaults.
 20354 | D:15     | Entered Level 15 of the Dungeon
 20354 | D:15     | Found a runed translucent door.
 20377 | D:15     | Found a radiant altar of Vehumet.
 20474 | D:15     | Noticed CryoSword's ghost (adept OgBe)
 20476 | D:15     | Noticed a lich
 20537 | D:15     | Found a runed translucent door.
 21017 | D:15     | Found a staircase to the Depths.
 21414 | D:6      | Killed zorge82's ghost
 21633 | D:14     | Reached XP level 17. HP: 92/95 MP: 25/25
 21795 | D:14     | HP: 3/88 [CryoSword's ghost (18)]
 21889 | D:14     | Killed CryoSword's ghost
 21944 | D:15     | Killed a lich
 22167 | Spider:1 | Entered Level 1 of the Spider Nest
 22406 | Lair:3   | Reached skill level 5 in Dodging
 22657 | Swamp:1  | Entered Level 1 of the Swamp
 22875 | Swamp:1  | Noticed Jorgrun
 22882 | Swamp:1  | Killed Jorgrun
 23052 | Swamp:1  | Identified the +0 leather armour of Context {rPois rC++
                  | Will- Dex+4}
 23461 | Swamp:2  | Noticed Frances
 23509 | Swamp:2  | Killed Frances
 24045 | Swamp:3  | Reached skill level 18 in Unarmed Combat
 24341 | Swamp:4  | Entered Level 4 of the Swamp
 25155 | Swamp:4  | Reached XP level 18. HP: 102/102 MP: 26/26
 26441 | Swamp:4  | Noticed a tentacled monstrosity
 26452 | Swamp:4  | Killed a tentacled monstrosity
 26574 | Swamp:4  | Got a decaying rune of Zot
 26904 | Elf:1    | Entered Level 1 of the Elven Halls
 26922 | Orc:2    | Reached skill level 15 in Fighting
 27863 | Elf:1    | Identified the +1 scale mail of Catatonia {rElec Regen+
                  | Dex-3}
 28574 | Elf:2    | Reached skill level 19 in Unarmed Combat
 28769 | Elf:2    | Found Rugef's Antique Armour Emporium.
 28882 | Elf:2    | Noticed Nikola
 28917 | Elf:2    | Killed Nikola
 28947 | Elf:2    | Reached XP level 19. HP: 108/108 MP: 28/28
 28993 | Elf:2    | Identified the +1 robe "Dintymn" {Str+2}
 29088 | Elf:2    | Found a runed translucent gate.
 29089 | Elf:2    | Found a runed translucent gate.
 29089 | Elf:2    | Found a runed translucent gate.
 29220 | Elf:2    | Identified the +3 chain mail "Fiebb" {rC- Will+ Int+2
                  | Slay+3}
 29728 | Elf:2    | Noticed Azrael
 29778 | Elf:2    | Killed Azrael
 30204 | Elf:3    | Entered Level 3 of the Elven Halls
 30321 | Elf:3    | Paralysed by an air elemental for 1 turns
 30343 | Elf:3    | Found Metron's Distillery.
 30343 | Elf:3    | Found Rirhaov's Armour Shoppe.
 30344 | Elf:3    | Found Waleaph's Book Shoppe.
 30370 | Elf:3    | Found Ypatigul's Jewellery Emporium.
 30432 | Elf:3    | Bought a potion of haste for 160 gold pieces
 30432 | Elf:3    | Bought a potion of haste for 160 gold pieces
 31191 | Elf:3    | Noticed a Hell Sentinel
 31544 | Elf:3    | Reached XP level 20. HP: 88/114 MP: 30/30
 31756 | Elf:3    | Identified the +9 dagger "Otaatar" {flame, rPois}
 31803 | Elf:3    | Noticed Asterion
 31824 | Elf:3    | Killed Asterion
 31847 | Elf:3    | Identified the +0 scale mail of Myucank {+Inv rN+ Will-
                  | rCorr}
 31851 | Elf:3    | Identified the +10 shortbow "Xoats" {speed, rElec rC- Str+2
                  | Dex+3}
 31852 | Elf:3    | Identified the +6 falchion of Upheaval {drain, Fly rElec
                  | rC+ rN+}
 31906 | Elf:3    | Got the Collected Works on Envenoming and Necromancy
 31942 | Elf:3    | Got Qoezopp's Guide on Attacks and the Escort
 31945 | Elf:3    | Got the Disquisition on Unholy Magic
 32650 | Spider:1 | Paralysed by a jorogumo for 1 turns
 32933 | Spider:1 | Reached XP level 21. HP: 120/120 MP: 31/31
 34188 | Spider:3 | Reached skill level 20 in Unarmed Combat
 34690 | Spider:4 | Entered Level 4 of the Spider Nest
 34806 | Spider:4 | Noticed Arachne
 34817 | Spider:4 | Killed Arachne
 34901 | Spider:4 | Identified Roxanne's Handbook of Moulding
 34901 | Spider:4 | Noticed Roxanne
 35362 | Spider:4 | Noticed Bai Suzhen
 35754 | Spider:4 | Killed Bai Suzhen
 35843 | Spider:4 | Found the +2 hood of the Assassin {Detection Stab+ Stlth++}
 35891 | Spider:4 | Got a gossamer rune of Zot
 36310 | Vaults:1 | Entered Level 1 of the Vaults
 36469 | Vaults:1 | Reached XP level 22. HP: 102/127 MP: 21/32
 36804 | Vaults:1 | Reached skill level 10 in Dodging
 37951 | Vaults:1 | Identified the +4 broad axe of Ragnarok {protect, rElec
                  | rN++ Str+5}
 38429 | Vaults:1 | Reached skill level 10 in Evocations
 38850 | Vaults:2 | Found a magical portal.
 38858 | WizLab   | Entered Tukima's Studio
 38951 | WizLab   | Identified the +7 longbow of Gaenuecreku {speed, Fragile
                  | rF+ Int+8 Dex+2}
 39043 | WizLab   | Reached XP level 23. HP: 108/133 MP: 30/33
 39169 | WizLab   | Reached skill level 21 in Unarmed Combat
 39179 | WizLab   | Noticed Kenran's illusion
 39275 | WizLab   | Identified the +0 cloak "Inaceu" {rPois rF- Str+8}
 39277 | WizLab   | Identified the +1 hat "Seen" {rC- Int+6 Stlth+}
 39544 | Vaults:2 | Noticed Frederick
 39794 | Vaults:2 | Killed Frederick
 40175 | Vaults:2 | Found Zobesor's Armour Boutique.
 40618 | Vaults:3 | Found a staircase to the Crypt.
 41747 | Vaults:4 | Found Etocib's Antique Armour Boutique.
 42252 | Vaults:4 | Noticed Aizul
 42267 | Vaults:4 | Killed Aizul
 42669 | Vaults:4 | Reached skill level 22 in Unarmed Combat
 42854 | Vaults:4 | Reached XP level 24. HP: 140/140 MP: 32/33
 43357 | Depths:1 | Entered Level 1 of the Depths
 43489 | Depths:1 | Reached skill level 15 in Shields
 43600 | Depths:1 | Found a broken altar of Ashenzari.
 44839 | Depths:2 | Found a one-way gate leading to the halls of Pandemonium.
 45560 | Depths:3 | Found a one-way gateway to a ziggurat.
 45561 | Depths:3 | Paralysed by a floating eye for 3 turns
 45587 | Depths:3 | Paralysed by a floating eye for 4 turns
 45592 | Depths:3 | Paralysed by a floating eye for 2 turns
 45601 | Depths:3 | Paralysed by a floating eye for 3 turns
 45607 | Depths:3 | Paralysed by a floating eye for 3 turns
 45618 | Depths:3 | Paralysed by a floating eye for 4 turns
 45718 | Depths:3 | Identified the +4 leather armour of Duck's Teeth {Int+3}
 46156 | Depths:3 | Identified the +7 quarterstaff of the Weasel {freeze,
                  | Fragile Will- Dex+8 SInv}
 46260 | Depths:3 | Found a one-way gate to the infinite horrors of the Abyss.
 46649 | Depths:4 | Entered Level 4 of the Depths
 46743 | Depths:3 | Reached skill level 23 in Unarmed Combat
 46787 | Depths:4 | Noticed a caustic shrike
 46787 | Depths:4 | Noticed a caustic shrike
 46815 | Depths:4 | Noticed a caustic shrike
 46844 | Depths:4 | Noticed a caustic shrike
 46911 | Depths:3 | Killed a caustic shrike
 46934 | Depths:3 | Killed a caustic shrike
 46951 | Depths:4 | Noticed a caustic shrike
 46961 | Depths:3 | Killed a caustic shrike
 47001 | Depths:3 | Killed a caustic shrike
 47020 | Depths:4 | Noticed a juggernaut
 47027 | Depths:4 | Reached XP level 25. HP: 84/147 MP: 25/33
 47036 | Depths:3 | Reached skill level 5 in Stealth
 47136 | Depths:3 | Killed a juggernaut
 47419 | Depths:4 | Identified the +4 chain mail of Taliuk {+Inv rF+ Str+4
                  | Stlth+}
 47484 | Depths:4 | Identified the +0 scale mail "Duiblido" {rN++ Regen+ Str-4
                  | Dex+2}
 47485 | Depths:4 | Noticed a juggernaut
 47534 | Depths:4 | Found a gate to the Realm of Zot.
 47649 | Depths:4 | Found a transporter.
 47652 | Depths:4 | Found a transporter.
 47657 | Depths:4 | Noticed Cofont's ghost (adept DsGl)
 47658 | Depths:4 | Found a bloodstained altar of Trog.
 48184 | Crypt:1  | Entered Level 1 of the Crypt
 49270 | Crypt:2  | Found a basalt altar of Yredelemnul.
 50106 | Crypt:3  | Entered Level 3 of the Crypt
 50805 | Crypt:3  | Found an ancient bone altar of Kikubaaqudgha.
 51337 | Crypt:3  | Noticed a dread lich
 51339 | Crypt:3  | Noticed a dread lich
 51348 | Crypt:3  | Killed a dread lich
 51358 | Crypt:3  | Killed a dread lich
 51359 | Crypt:3  | Reached XP level 26. HP: 80/153 MP: 14/34
 51379 | Crypt:3  | Got the Grimoire of the Traveller and Weightlessness
 51705 | Crypt:3  | Found a staircase to the Tomb.
 52249 | Depths:3 | Voluntarily entered the Abyss.
 52300 | Abyss:3  | Found a corrupted altar of Lugonu.
 52813 | Abyss:3  | Found a shimmering altar of Xom.
 52813 | Abyss:3  | Found a shimmering altar of Xom.
 52813 | Abyss:3  | Found a shimmering altar of Xom.
 52813 | Abyss:3  | Found a shimmering altar of Xom.
 52813 | Abyss:3  | Found a shimmering altar of Xom.
 52813 | Abyss:3  | Found a shimmering altar of Xom.
 52813 | Abyss:3  | Found a shimmering altar of Xom.
 52813 | Abyss:3  | Found a corrupted altar of Lugonu.
 52813 | Abyss:3  | Found a shimmering altar of Xom.
 52813 | Abyss:3  | Found a shimmering altar of Xom.
 52813 | Abyss:3  | Found a shimmering altar of Xom.
 52813 | Abyss:3  | Found a shimmering altar of Xom.
 52813 | Abyss:3  | Found a shimmering altar of Xom.
 52813 | Abyss:3  | Found a shimmering altar of Xom.
 52828 | Abyss:3  | Found a shimmering altar of Xom.
 52833 | Abyss:3  | Found a shimmering altar of Xom.
 53206 | Abyss:3  | Reached skill level 15 in Armour
 53206 | Abyss:3  | Reached XP level 27. HP: 124/124 MP: 21/34
 53206 | Abyss:3  | Got an abyssal rune of Zot
 53237 | Depths:3 | Escaped the Abyss
 53338 | Zot:1    | Entered Level 1 of the Realm of Zot
 53338 | Zot:1    | Noticed an orb of fire
 53435 | Zot:1    | Killed an orb of fire
 53612 | Zot:1    | Found Rakk's CLEARANCE SALE!.
 54373 | Zot:2    | Reached skill level 15 in Invocations
 55226 | Zot:3    | Noticed a dread lich
 55230 | Zot:3    | HP: 4/159 [constriction (5)]
 55231 | Zot:3    | Slain by a white draconian

Illustrated notes

Levels and vault maps discovered:
D:1:      minmay_arrival_glassed_features, layout_basic
D:2:      layout_loops_ring, corexii_shack, uniq_robin
D:3:      lemuel_castle_with_subvaults [lemuel_castle_interior_carwin_1],
          layout_loops_ring, jmf_multi_god_temple2, serial_shops, shop,
          kennysheep_flooded_box, uniq_natasha, uniq_jessica
D:4:      layout_basic, serial_shops, shop, shop, shop,
          nicolae_shop_temple_entry_statues_fountains,
          nicolae_shop_hallway_stairs, uniq_duvessa, uniq_crazy_yiuf_cottage
D:5:      layout_rooms, kennysheep_boxes
D:6:      layout_cave_pools, gammafunk_ghost_split, uniq_pikel
D:7:      layout_rooms, minmay_temple_entry_arrows, grunt_ministairs_4,
          uniq_maggie
D:8:      layout_cave_pods
D:9:      layout_cave_pools, hiddenorc1_lemuel, minmay_misc_feat_rugged,
          uniq_prince_ribbit1
D:10:     layout_gridville, lair_entry_dummy, serial_shops,
          nicolae_shop_waterfront, shop, kennysheep_generic_room_9
D:11:     layout_rooms, serial_shops, shop
D:12:     layout_basic, nicolae_trove_entry_free_sample
D:13:     layout_roguey, ximxim_vaults_locker_room
D:14:     layout_basic, dk_noncrumbling_3
D:15:     gammafunk_enter_depths_forms, layout_gridville,
          muffindrake_ghost_dual_entry, vehumet_crystals
Lair:1:   layout_chaotic_city, basic_altar, lemuel_fruit_tree
Lair:2:   layout_gridlike, nicolae_lair_run_with_the_wolves, uniq_fannar
Lair:3:   gammafunk_worm_tunnel, layout_concentric_octagons,
          minmay_swamp_entry_swarm, dummy_spider_entry
Lair:4:   layout_regular_city, cheibrodos_lair_lostbears
Lair:5:   layout_hall_layers, slime_altar_1, kennysheep_abandoned_house
Lair:6:   evil_forest, layout_long_grid, portal_ice_cave_entry_pillars_2,
          infiniplex_staircase_pool_2
Swamp:1:  layout_falls_marsh, evilmike_swamp_ruin_house_6, uniq_jorgrun
Swamp:2:  layout_basic_swamp, nicolae_swamp_tree_designs, swamp_pool1,
          uniq_frances
Swamp:3:  layout_falls_marsh, nicolae_swamp_little_swirl
Swamp:4:  swamp_vile, layout_basic_swamp, swamp_pool1, infiniplex_staircase_pool
Spider:1: layout_spider_delve, nicolae_spider_scorpion_nest
Spider:2: layout_chambers, hellmonk_deceptive_appearances
Spider:3: layout_spider_delve
Spider:4: guppyfry_spider_rune, drop_trap, hellmonk_test_site, uniq_bai_suzhen,
          uniq_arachne, uniq_roxanne
Orc:1:    layout_caves, serial_shops, shop
Orc:2:    st_orc_open, layout_diamond_mine, basic_altar, nicolae_orc_lost_temple
Elf:1:    eino_elf_arrival_sip, layout_gridlike, minmay_elf_crystal_hexagon,
          grunt_ministairs_1
Elf:2:    nicolae_elf_blades_crystal_corner, layout_loops_cross, serial_shops,
          shop, uniq_azrael, uniq_nikola
Elf:3:    minmay_elf_hall_not_hex, layout_geoelf_grid, minivault_27,
          minmay_shoptagon, uniq_asterion
Vaults:1: v_misc_9, vaults_room_boxed, st_greater_box_3,
          nicolae_vaults_circle_grid_b, hangedman_vaults_nails,
          hangedman_vaults_pinch, hangedman_vaults_corner,
          ontoclasm_vaults_ligature, nicolae_vaults_little_squares_2,
          layout_vaults_big_cross
Vaults:2: mu_enter_wizlab_1, grunt_vaults_hallway_long, v_pattern_1,
          nicolae_vaults_network_s, st_cross, v_alt_pattern_4,
          hangedman_vaults_river_flow, v_misc_29, v_misc_27,
          nicolae_vaults_yaktaur_gun_rack, hangedman_vaults_impose,
          vaults_room_pool, layout_vaults_ring, serial_shops,
          nicolae_diamond_shop, uniq_frederick
Vaults:3: vaults_room_grid, v_alt_pattern_6, vaults_room_fancy_cross,
          vaults_room_fancy_cross, ontoclasm_vaults_shuriken, v_misc_18,
          minmay_crypt_entry_simple_sparse, ontoclasm_vaults_loading_screen,
          v_misc_29, layout_vaults_quadrants
Vaults:4: ontoclasm_vaults_ring_small, nicolae_vaults_border_crossing,
          ontoclasm_vaults_decontamination, hangedman_vaults_slice,
          nicolae_vaults_little_squares_4, vaults_standard_mumra_x,
          v_alt_pattern_2, hangedman_vaults_corner_blocks, v_misc_17,
          vaults_room_stairs_pillars, ontoclasm_vaults_chip,
          layout_vaults_chaotic_city, serial_shops, nicolae_shop_hallway_plus,
          uniq_aizul
Crypt:1:  layout_misc_corridors, grunt_crypt_arrival_webbed, grunt_megastairs_1
Crypt:2:  layout_misc_corridors, basic_altar
Crypt:3:  evilmike_haunted_forest
Depths:1: layout_long_grid, grunt_hell_entry_dis_mu, kennysheep_donut,
          drop_trap, serial_sigils_hangedman_shear, roderic_three_in_a_row,
          minmay_misc_feat_plants, eino_small_chamber_without_monster,
          corexii_leaking_fountain, ashenzari_altar_1
Depths:2: dreamdust_cat_pyramid, layout_cave_shapes, grunt_decor_fettered,
          hell_entry, rand_demon_pan_entry_9
Depths:3: minmay_expanding_squares, layout_gridlike, enter_ziggurat_d,
          minmay_misc_feat_four_crosses, serial_rivers,
          chequers_serial_rivers_large_a, chequers_serial_rivers_micro_a,
          chequers_serial_rivers_small_b, chequers_serial_rivers_micro_d,
          chequers_serial_rivers_small_3, hangedman_geh_valley,
          abyss_entry_glasseish, kennysheep_generic_room_2, firewood_loft
Depths:4: grunt_twist_and_shout, layout_cave_pools, hangedman_tar_grid_catacomb,
          chequers_serial_rivers_micro_d, gammafunk_ghost_wrathful_warriors
Zot:1:    layout_basic, nicolae_shop_clearance
Zot:2:    layout_misc_corridors
Zot:3:    hangedman_zot_vaults_quadrants, layout_cathedral_of_symmetry,
          st_stairs_8, lemuel_golem_globe

Skill      XL: |  1  2  3  4  5  6  7  8  9 10 11 12 13 14 15 16 17 18 19 20 21 22 23 24 25 26 27 |
---------------+----------------------------------------------------------------------------------+-----
Fighting       | 3 4 6 7 8 10 11 13 14 15 16 17 18 19 20 21 | 21.0
Unarmed Combat | 4 5 6 8 9 10 11 12 14 16 17 18 19 20 22 23 | 23.4
Stealth        | 3 4 9 11 | 11.2
Armour         | 1 2 3 6 7 8 10 11 12 13 14 15 | 15.1
Invocations    | 1 4 5 7 8 10 11 12 14 15 | 15.0
Shields        | 5 6 7 8 10 12 13 14 15 | 15.0
Evocations     | 2 4 5 6 7 10 11 13 | 13.0
Dodging        | 3 4 5 6 7 9 10 12 | 12.0

Action                   |  1- 3 |  4- 6 |  7- 9 | 10-12 | 13-15 | 16-18 | 19-21 | 22-24 | 25-27 || total
-------------------------+-------+-------+-------+-------+-------+-------+-------+-------+-------++-------
Melee: Unarmed           |    85 |   178 |   437 |   551 |  1243 |  1430 |  1096 |  1738 |  1441 ||  8199
       Bite              |    20 |    46 |   137 |   203 |   553 |   664 |   476 |   946 |   803 ||  3848
       Punch             |     5 |     5 |    25 |       |       |       |       |       |       ||    35
Throw: Stone             |    46 |    49 |    10 |       |       |       |       |       |       ||   105
       Throwing net      |       |       |       |       |       |       |       |     1 |       ||     1
Invok: Lesser Servant of |       |       |       |    10 |     6 |    18 |    20 |    20 |    12 ||    86
       Greater Servant o |       |       |       |       |       |       |       |       |     1 ||     1
Evoke: Wand              |       |       |     2 |       |     2 |     8 |    22 |     6 |     2 ||    42
       Condenser vane    |       |       |       |       |       |       |     2 |     3 |     2 ||     7
       Phial of floods   |       |       |       |       |       |       |       |     1 |     1 ||     2
  Use: Scroll            |       |       |     4 |     4 |     6 |    16 |     7 |     8 |     8 ||    53
       Potion            |       |       |     2 |     4 |       |     3 |     5 |       |     9 ||    23
 Stab: Sleeping          |     2 |     2 |     2 |       |       |       |       |       |     5 ||    11
       Distracted        |       |       |       |     4 |     1 |     1 |     6 |     7 |     4 ||    23
       Petrified         |       |       |       |       |     5 |       |       |       |       ||     5
       Paralysed         |       |       |       |       |       |     1 |     2 |     1 |       ||     4
       Confused          |       |       |       |       |       |       |       |     3 |       ||     3
Armor: Ring mail         |    21 |    53 |    87 |       |       |       |       |       |       ||   161
       Skin              |       |       |     7 |    71 |       |       |       |       |       ||    78
       Plate armour      |       |       |    99 |   314 |   669 |   761 |   751 |   705 |   563 ||  3862
Dodge: Dodged            |    37 |    87 |   137 |    77 |   215 |   292 |   315 |   474 |   410 ||  2044
Block: Kite shield       |       |       |    31 |   355 |   722 |   790 |   778 |   966 |   776 ||  4418
